 Dungeon Sprint DCSS version 0.27-a0-1177-g245c70e1c0 (webtiles) character file.

Game seed: 14035356795238725144

1887 mhtbhm the Protected (level 8, -1/120 (124) HPs)
             Began as a Minotaur Fighter on May 16, 2021.
             Was a High Priest of Trog.
             Slain by a shadow wraith (7 damage)
             ... while paralysed by Psyche
             ... in the Dungeon (Sprint VII: "The Pits").
             The game lasted 00:02:47 (1134 turns).

mhtbhm the Protected (Minotaur Fighter)             Turns: 1134, Time: 00:02:48

HP:   -1/120 (124)  AC:  0    Str: 24    XL:     8   Next: 92%
MP:   7/7           EV:  5    Int:  5    God:    Trog [*****.]
Gold: 0             SH:  0    Dex: 14    Spells: 7/7 levels left

rFire    . . .     SeeInvis .   (weapon currently unavailable)
rCold    . . .     Faith    .   (shield currently unavailable)
rNeg     . . .     Spirit   .   (armour currently unavailable)
rPois    .         Reflect  .   (helmet currently unavailable)
rElec    .         Harm     .   (cloak currently unavailable)
rCorr    .         Rampage  .   (gloves currently unavailable)
Will     .....     NoTele   +   (boots currently unavailable)
Stlth    ..........             (no amulet)
HPRegen  0.30/turn              (ring currently unavailable)
MPRegen  0.10/turn              (ring currently unavailable)

@: paralysed, agile, berserking (expiring), lethally poisoned (-1 -> -10),
bat-form, flying, slowed, lightly drained, very quick
A: fast, flying, no casting, tiny, (horns 2), (retaliatory headbutt)
a: Renounce Religion, Berserk, Trog's Hand, Brothers in Arms


You were in the Dungeon.
You worshipped Trog.
Trog was extremely pleased with you.
You were a bat.
You visited 1 branch

Inventory:

Hand Weapons
 a - a +3 eveningstar of flaming (melded)
 m - the +5 dire flail "Oxtatun" {flame, rElec rC- Str+6 SInv}
   (Trog gifted it to you in the Dungeon)

   It has been specially enchanted to burn those struck by it, causing extra
   injury to most foes and up to half again as much damage against particularly
   susceptible opponents.
   It affects your strength (+6).
   It makes you vulnerable to cold.
   It insulates you from electricity.
   It lets you see invisible.
Armour
 b - a +3 plate armour (melded)
 c - a +0 kite shield (melded)
 r - a +0 pair of boots (melded)
 s - a +0 cloak (melded)
Jewellery
 n - a +3 ring of evasion
 o - a +3 ring of dexterity
Scrolls
 j - a scroll of blinking
 l - a scroll of summoning
Potions
 d - 2 potions of might
 e - 8 potions of curing
 f - 9 potions of heal wounds
 g - a potion of haste
 h - 4 potions of magic
 i - 3 potions of berserk rage
 k - 2 potions of invisibility
 p - a potion of resistance
 q - 3 potions of mutation


   Skills:
 + Level 11.9 Fighting
 + Level 12.0 Maces & Flails
 + Level 12.4 Armour
 + Level 2.8 Dodging
 + Level 0.6 Stealth
 + Level 12.1 Shields


You had 7 spell levels left.
You didn't know any spells.
Your spell library was empty.

Dungeon Overview and Level Annotations

Branches:
Dungeon (1/1)

Altars:
Ashenzari
Cheibriados
Dithmenos
Elyvilon
Fedhas
Gozag
Hepliaklqana
Kikubaaqudgha
Makhleb
Nemelex Xobeh
Okawaru
Qazlal
Ru
Sif Muna
Trog
Uskayaw
Vehumet
Wu Jian
Xom
Yredelemnul
Zin
The Shining One
Beogh
Jiyva
Lugonu

Annotations:
D Psyche


Innate Abilities, Weirdness & Mutations

You are a bat.
You are tiny and dextrous.
You move quickly.
You are flying.
Your equipment is almost entirely melded.
You are incapable of wielding weapons or throwing items.
You cannot cast spells.
((You have a pair of horns on your head.))
((You reflexively headbutt those who attack you in melee.))


Message History

Your +0 pair of boots melds into your body.
Your +0 kite shield melds into your body.
Your +3 plate armour melds into your body.
Your +3 eveningstar of flaming stops flaming.
Something closely misses you.
You hear some strange, mumbled words.
A swirling arc of seething chaos appears!
An arc of chaos appears from out of thin air!
The arc of chaos hits you.
You are poisoned.
The arc of chaos hits something.
You hit something.
You feel sick. Something hits you!
You suddenly lose the ability to move!
Something hits you.
You feel sick.
You hear some strange, mumbled words.
A swirling arc of seething chaos appears!
An arc of chaos appears from out of thin air!
The arc of chaos hits something.
The arc of chaos hits you!
You feel agile all of a sudden. Something hits you!
Something drains your vigour!
You feel as though you will be slow longer.
You feel sick. Something hits you!
You are more poisoned.
Something hits you! Something drains your vigour!
You feel as though you will be slow longer.
You feel very sick. Something hits you.
You feel drained. Something hits you!!
* * * LOW HITPOINT WARNING * * *
You hear a zap.
A puff of flame appears from out of thin air!
The puff of flame hits you!
* * * LOW HITPOINT WARNING * * *
* * * LOW HITPOINT WARNING * * *
You feel very sick. Something hits you.
* * * LOW HITPOINT WARNING * * *
You feel drained.
* * * LOW HITPOINT WARNING * * *
Something hits you!
You die...

..# ..# ######### @.#
....##..# ..#
....##..# ..#
....''..# ..#
..†.''..##########..#
....##.........†b{..#
....##..........†{..#
#####################


There were no monsters in sight!

Vanquished Creatures
  A komodo dragon (D)
  4 vampire mosquitoes (D)
  A floating eye (D)
  2 orc warriors (D)
  A sky beast (D)
  A necrophage (D)
  A centaur (D)
  A gnoll shaman (D)
  A jelly (D)
  An iguana (D)
  4 gnolls (D)
  A river rat (D)
  A white imp (D)
  An ufetubus (D)
  An adder zombie (D)
  3 orcs (D)
  An endoplasm (D)
  A hobgoblin (D)
  A quokka (D)
  3 goblins (D)
  A kobold (D)
  A rat (D)
33 creatures vanquished.

Vanquished Creatures (collateral kills)
  A deep elf pyromancer (D)
  An orc knight (D)
2 creatures vanquished.

Grand Total: 35 creatures vanquished

Notes
Turn   | Place    | Note
-------+----------+-------------------------------------------
     0 | D        | mhtbhm the Minotaur Fighter began the quest for the Orb.
     0 | D        | Reached XP level 1. HP: 19/19 MP: 0/0
    17 | D        | Reached XP level 2. HP: 28/28 MP: 1/1
    21 | D        | Found a bloodstained altar of Trog.
    21 | D        | Found a shimmering blue altar of Sif Muna.
    21 | D        | Found a viscous altar of Jiyva.
    21 | D        | Found a hazy altar of Hepliaklqana.
    21 | D        | Found an opulent altar of Gozag.
    22 | D        | Found a glowing golden altar of the Shining One.
    22 | D        | Found a glowing silver altar of Zin.
    22 | D        | Found a basalt altar of Yredelemnul.
    22 | D        | Found a shimmering altar of Xom.
    22 | D        | Found an ornate altar of the Wu Jian Council.
    22 | D        | Found a sacrificial altar of Ru.
    22 | D        | Found a stormy altar of Qazlal.
    22 | D        | Found an iron altar of Okawaru.
    22 | D        | Found a sparkling altar of Nemelex Xobeh.
    22 | D        | Found a burning altar of Makhleb.
    22 | D        | Found a blossoming altar of Fedhas.
    22 | D        | Found a white marble altar of Elyvilon.
    22 | D        | Found a shadowy altar of Dithmenos.
    22 | D        | Found a snail-covered altar of Cheibriados.
    24 | D        | Found a radiant altar of Vehumet.
    24 | D        | Found a corrupted altar of Lugonu.
    25 | D        | Found a hide-covered altar of Uskayaw.
    25 | D        | Found an ancient bone altar of Kikubaaqudgha.
    25 | D        | Found a broken altar of Ashenzari.
    32 | D        | Became a worshipper of Trog the Wrathful
    72 | D        | Noticed a floating eye
    76 | D        | Paralysed by a floating eye for 2 turns
    79 | D        | Killed a floating eye
    80 | D        | Reached XP level 3. HP: 39/39 MP: 2/2
    80 | D        | Reached XP level 4. HP: 47/47 MP: 3/3
    82 | D        | Reached * piety under Trog
    93 | D        | Reached ** piety under Trog
    94 | D        | Reached XP level 5. HP: 52/52 MP: 4/4
   100 | D        | Reached skill level 5 in Maces & Flails
   102 | D        | Reached *** piety under Trog
   210 | D        | Noticed a sky beast
   211 | D        | Noticed a centaur
   211 | D        | Noticed a necrophage
   219 | D        | Reached **** piety under Trog
   226 | D        | Killed a centaur
   227 | D        | Reached XP level 6. HP: 63/63 MP: 5/5
   234 | D        | Killed a sky beast
   235 | D        | Reached skill level 1 in Dodging
   236 | D        | Reached skill level 10 in Fighting
   371 | D        | Reached ***** piety under Trog
   372 | D        | Reached skill level 10 in Armour
   372 | D        | Reached skill level 10 in Shields
   375 | D        | Noticed a vampire mosquito
   385 | D        | Killed a vampire mosquito
   386 | D        | Reached XP level 7. HP: 65/73 MP: 6/6
   429 | D        | Received a gift from Trog
   483 | D        | Noticed a deep elf pyromancer
   483 | D        | Noticed an orc knight
   502 | D        | Killed an orc knight
   502 | D        | Killed a deep elf pyromancer
   502 | D        | Identified the +5 dire flail "Oxtatun" {flame, rElec rC-
                  | Str+6 SInv} (Trog gifted it to you in the Dungeon)
   502 | D        | Received a gift from Trog
   503 | D        | Reached skill level 10 in Maces & Flails
   503 | D        | Reached XP level 8. HP: 41/82 MP: 7/7
   816 | D        | Noticed a komodo dragon
   816 | D        | Noticed a snapping turtle
   835 | D        | Killed a komodo dragon
  1118 | D        | Noticed Psyche
  1130 | D        | Paralysed by something for 4 turns
  1134 | D        | HP: 6/120 [something (1)]
  1134 | D        | Slain by a shadow wraith

Illustrated notes

Levels and vault maps discovered:
D:        pitsprint [storerooms_1, entrance_room_1, metal_vault_1, armoury_2,
          mini_pit_1, grid_room_1, main_hall_1, silver_pit, the_coven_2,
          the_vestibule_1, steel_vault_4, golden_pit, hallway_of_sentries,
          crystal_vault_4, iron_vault_2, final_vault]

Skill      XL: |  1  2  3  4  5  6  7  8 |
---------------+-------------------------+-----
Fighting       | 4 7 9 10 11 | 11.9
Armour         | 4 7 9 10 11 12 | 12.4
Shields        | 4 7 9 10 11 12 | 12.1
Maces & Flails | 4 6 8 10 12 | 12.0
Dodging        | 1 2 |  2.8
Stealth        | |  0.6

Action                   |  1- 3 |  4- 6 |  7- 9 || total
-------------------------+-------+-------+-------++-------
Melee: Flail             |     4 |       |       ||     4
       Mace              |     7 |    20 |       ||    27
       Headbutt          |     1 |     4 |     7 ||    12
       Whip              |       |    37 |     4 ||    41
       Eveningstar       |       |       |    33 ||    33
       Unarmed           |       |       |     1 ||     1
Invok: Berserk           |       |     3 |     3 ||     6
       Brothers in Arms  |       |       |     1 ||     1
  Use: Potion            |       |       |     1 ||     1
Armor: Scale mail        |     4 |     2 |       ||     6
       Chain mail        |       |    21 |     1 ||    22
       Plate armour      |       |       |    10 ||    10
Dodge: Dodged            |     3 |    13 |     4 ||    20
Block: Kite shield       |     2 |    30 |    20 ||    52

Table legend: (Time is in decaauts)
 A = Elapsed time spent in this place.
 B = Non-inter-level travel time spent in this place.
 C = Inter-level travel time spent in this place.
 D = Time resting spent in this place.
 E = Time spent auto-exploring this place.
 F = Levels seen in this place.
 G = Mean time per level.
                   A        B        C        D        E       F      G
               +--------+--------+--------+--------+--------+-----+--------+
         Total |   1172 |   1172 |      0 |    685 |      0 |   1 | 1172.0 |
       Dungeon |   1172 |   1172 |      0 |    685 |      0 |   1 | 1172.0 |
               +--------+--------+--------+--------+--------+-----+--------+

Top non-repeatable levels by time:
       D: 1172 daAuts
